 Dungeon Crawl Stone Soup version 0.24.0-123-gd5b16e6ec5 (webtiles) character file.

Game seed: 4088177686991214767, levelgen mode: deterministic

796 MisterOstroum the Cutter (level 7, -2/49 HPs)
             Began as a Vampire Chaos Knight on Jan 29, 2020.
             Was a Plaything of Xom.
             Killed from afar by an orc wizard (4 damage)
             ... with a magic dart
             ... on level 6 of the Dungeon.
             The game lasted 00:10:27 (3866 turns).

MisterOstroum the Cutter (Vampire Chaos Knight)     Turns: 3866, Time: 00:10:28

Health: -2/49      AC:  5    Str: 12 (13) XL:     7   Next: 58%
Magic:  8/8        EV: 13    Int: 14      God:    Xom [..*...]
Gold:   298        SH:  0    Dex: 14      Spells: 4/6 levels left

rFire    . . .     SeeInvis +   a - +0 short sword (chaos)
rCold    . . .     Gourm    .   (no shield)
rNeg     + . .     Faith    .   x - +2 leather armour
rPois    .         Spirit   .   (helmet restricted)
rElec    .         Reflect  .   (no cloak)
rCorr    .         Harm     .   (no gloves)
MR       +....                  (no boots)
Stlth    +.........             (no amulet)
HPRegen  0.36/turn              c - ring of protection from magic
MPRegen  0.11/turn              d - ring of positive energy

@: very slightly contaminated, regenerating quickly
A: no food, fangs 3, horns 2, see invisible, deterioration 1, frail 1,
unbreathing
a: Exsanguinate, Renounce Religion


You were on level 6 of the Dungeon.
You worshipped Xom.
You were a toy of Xom.
You were alive.

You visited 1 branch of the dungeon, and saw 6 of its levels.

You collected 298 gold pieces.

Inventory:

Hand Weapons
 a - a +0 short sword of chaos (weapon)
 b - a +1 whip of flaming
 i - a +0 hunting sling
Missiles
 f - 59 stones (quivered)
 j - 13 bolts
 k - 82 sling bullets
 r - 66 arrows
 y - 41 poisoned darts
 A - 2 silver javelins
Armour
 v - a +0 plate armour
 x - a +2 leather armour (worn)
Jewellery
 c - a ring of protection from magic (left hand)
 d - a ring of positive energy (right hand)
Wands
 l - a wand of paralysis (10)
 o - a wand of enslavement (4)
 z - a wand of polymorph (3)
Scrolls
 e - 5 scrolls of remove curse {@r2}
 g - a scroll of magic mapping {unknown}
 m - a scroll of fear {unknown}
 s - a scroll of blinking {unknown}
 t - a scroll of amnesia {unknown}
 u - a scroll of teleportation {unknown}
Potions
 h - 2 potions of agility
 p - a potion of flight {unknown}
 q - a potion of haste {unknown}
 w - 2 potions of heal wounds
 B - a potion of lignification {unknown}


   Skills:
 * Level 4.8 Fighting
 * Level 5.9 Short Blades
 + Level 2.5 Armour
 + Level 4.0 Dodging
 + Level 1.7 Translocations
 + Level 2.0 Evocations


You had 4 spell levels left.
You knew the following spells:

 Your Spells              Type           Power        Failure   Level  Hunger
B - Blink                 Tloc           N/A          26%         2    N/A

Your spell library contained the following spells:

 Spells                   Type           Power        Failure   Level  Hunger
 Beastly Appendage        Tmut           #.....       36%         1    N/A
 Magic Dart               Conj           #...         36%         1    N/A
 Call Imp                 Summ           #.......     50%         2    N/A
 Slow                     Hex            #.......     50%         2    N/A
 Sticks to Snakes         Tmut           #.......     50%         2    N/A
 Conjure Flame            Conj/Fire      #.......     73%         3    N/A
 Mephitic Cloud           Conj/Pois/Air  #.......     73%         3    N/A
 Spider Form              Tmut/Pois      #.........   73%         3    N/A
 Ice Form                 Ice/Tmut       #.......     98%         4    N/A
 Blade Hands              Tmut           #.........   100%        5    N/A

Dungeon Overview and Level Annotations

Branches:
Dungeon (6/15)
 Temple: D:4-7

Altars:
Cheibriados
Fedhas
Okawaru
Wu Jian

Annotations:
D:5 exclusions: Grinder and hound
D:6 exclusion: bullfrog


Innate Abilities, Weirdness & Mutations

You do not eat.
Your natural rate of healing is unusually fast.
You have razor-sharp teeth.
You have supernaturally acute eyesight. (SInv)
You can survive without breathing.
You have a pair of horns on your head.
Your body sometimes deteriorates upon taking damage.
You are frail. (-10% HP)


Message History

"Heh heh heh..."
You are confused.
The bullfrog hits you.
Unknown command.
Unknown command.
It was a potion of invisibility.
You fade into invisibility!
The bullfrog misses you. The bullfrog closely misses you.
You are very lightly contaminated with residual magic.
You hit the bullfrog.
The bullfrog is moderately wounded.
The bullfrog barely misses you.
You bump into the rock wall.
The bullfrog misses you. The bullfrog barely misses you.
You hit the bullfrog but do no damage.
The bullfrog is moderately wounded.
The bullfrog hits you!
The centaur shoots an arrow.
The arrow hits the water moccasin skeleton.
You bump into the rock wall.
The bullfrog closely misses you.
The centaur shoots an arrow.
The arrow hits the water moccasin skeleton!
The arrow freezes the water moccasin skeleton.
Your leather armour prevents you from hitting the bullfrog.
The bullfrog is moderately wounded.
The bullfrog misses you.
The centaur shoots an arrow.
The arrow hits the water moccasin skeleton!
The bullfrog hits you but does no damage.
You feel less confused. "This might be better!"
The ogre evaporates and reforms as a basilisk!
Unknown command.
Unknown command.
You closely miss the bullfrog. Your bite misses the bullfrog.
The bullfrog is moderately wounded.
The bullfrog hits you but does no damage.
The bullfrog barely misses you.
The centaur shoots an arrow.
The arrow hits the water moccasin skeleton!
You hit the bullfrog. Your headbutt misses the bullfrog.
The bullfrog is heavily wounded. "Time to have some fun!"
The bullfrog closely misses you.
The white imp shouts!
Unknown command.
The bullfrog closely misses you.
The centaur shoots an arrow.
The arrow hits the water moccasin skeleton!
The water moccasin skeleton is destroyed!
The basilisk gazes at something.
The bullfrog is moving more slowly.
Xom is highly amused!
The shadow imp barely misses you.
Press: ? - help, v - describe, . - travel
Here: a shadow imp (summoned)
The floor.
Unknown command.
You hit the bullfrog.
The bullfrog seems to slow down.
You freeze the bullfrog.
The bullfrog is heavily wounded.
The centaur shoots an arrow.
The arrow hits the bullfrog!
The bullfrog seems to slow down.
The arrow freezes the bullfrog.
The bullfrog misses you. The shadow imp barely misses you.
The bullfrog misses you.
You strike the helpless bullfrog from behind!
You puncture the bullfrog!
The bullfrog seems to slow down.
You freeze the bullfrog.
You kill the bullfrog!
You feel your dexterity returning.
Your Dodging skill increases to level 4!
Your Evocations skill increases to level 2!
The shadow imp hits you but does no damage.
The centaur shoots an arrow.
The centaur shoots an arrow.
The arrow hits the iron imp.
The arrow freezes the iron imp.
Xom's power touches on a nearby monster.
The shadow imp evaporates and reforms as an iron imp!
You are now a toy of Xom.
You flicker for a moment.
An orc wizard comes into view. It is wielding a +0 dagger.
An orc, an orc priest and an orc wizard come into view.
The orc priest is wielding a +2 trident of protection.
You flicker back into view.
The orc wizard shouts!
The orc priest shouts!
The orc shouts!
You hear a shout!
The orc priest invokes the aid of Beogh against you.
Beogh smites you!
You hear a shout!
The white imp gestures at you. The puff of frost misses you.
You hit the white imp.
The white imp is moderately wounded.
The orc wizard casts a spell at you. The magic dart hits you.
* * * LOW HITPOINT WARNING * * *
The white imp gestures at you. The puff of frost hits you!
* * * LOW HITPOINT WARNING * * *
The iron imp hits you.
* * * LOW HITPOINT WARNING * * *
Unknown command.
The orc wizard gestures at you while chanting.
The magic dart hits you.
You die...
Xom giggles madly!

#. ... #.# ..o.o ####
#.# .#...
....##.##.#.. ........
o. ###.....# o#
#.......# .# #
#..#.......##o#..# .
#..#....l5@......# ...
..#....##.##.#..#
#...##.#....##5# .# #
.##...........##.##.#.
......##..............
......##..####5#.#..#.
..........5...........
#..##.##.####.#.#....
#....)c5(.....#....##


You could see a basilisk, an iron imp, an orc wizard and a white imp.

Vanquished Creatures
  A hungry ghost (D:3)
  2 centaurs
  A bullfrog (D:6)
  2 hounds (D:4)
  A jelly (D:6)
  An orc priest (D:3)
  An orc wizard (D:4)
  4 worker ants
  A hound skeleton (D:4)
  3 gnolls (D:3)
  5 adders
  An adder skeleton (D:5)
  5 worms
  3 dart slugs
  4 leopard geckos
  11 orcs
  3 ball pythons
  8 giant cockroaches
  7 goblins
  6 hobgoblins
  2 jackals (D:3)
  A quokka (D:3)
  5 bats
  3 frilled lizards
  6 kobolds
  A leopard gecko skeleton (D:5)
  6 rats
94 creatures vanquished.

Vanquished Creatures (collateral kills)
  A bullfrog zombie (D:5)
1 creature vanquished.

Vanquished Creatures (others)
  A water moccasin skeleton (D:6)
1 creature vanquished.

Grand Total: 96 creatures vanquished

Notes
Turn   | Place    | Note
-------+----------+-------------------------------------------
     0 | D:1      | MisterOstroum the Vampire Chaos Knight began the quest for
                  | the Orb.
     0 | D:1      | Reached XP level 1. HP: 17/17 MP: 1/1
   165 | D:1      | Reached XP level 2. HP: 23/23 MP: 2/2
   167 | D:1      | Reached skill level 1 in Armour
   518 | D:1      | XOM: divination: detect creatures
   657 | D:1      | Reached XP level 3. HP: 28/29 MP: 3/3
   681 | D:1      | XOM: harmless Ice miscast
   736 | D:1      | XOM: harmless Tloc miscast
   892 | D:2      | Reached skill level 4 in Short Blades
  1015 | D:2      | Learned a level 2 spell: Blink
  1082 | D:2      | Reached XP level 4. HP: 30/35 MP: 4/4
  1246 | D:2      | Found a snail-covered altar of Cheibriados.
  1327 | D:2      | XOM: divination: detect creatures
  1330 | D:2      | XOM: 6-stop teleportation journey
  1558 | D:2      | Found a snail-covered altar of Cheibriados.
  1691 | D:3      | Noticed a hungry ghost
  1692 | D:3      | XOM: noise
  1705 | D:3      | XOM: blink monster(s)
  1722 | D:2      | XOM: give mutation
  1722 | D:2      | Gained mutation: You have a pair of small horns on your
                  | head. [Xom's mischief]
  1749 | D:3      | XOM: 2-stop teleportation journey
  1813 | D:3      | Found an iron altar of Okawaru.
  1813 | D:3      | XOM: 1-stop teleportation journey
  1875 | D:3      | Killed a hungry ghost
  1875 | D:3      | Reached XP level 5. HP: 38/42 MP: 5/5
  1879 | D:3      | Reached skill level 1 in Translocations
  1939 | D:3      | Reached skill level 1 in Evocations
  1939 | D:3      | Reached XP level 6. HP: 48/48 MP: 6/6
  2013 | D:3      | Found an ornate altar of the Wu Jian Council.
  2038 | D:3      | XOM: smoke on damage
  2103 | D:3      | Found a blossoming altar of Fedhas.
  2163 | D:3      | Found an ornate altar of the Wu Jian Council.
  2167 | D:3      | Found a blossoming altar of Fedhas.
  2187 | D:3      | Found an iron altar of Okawaru.
  2413 | D:4      | XOM: harmless Fire miscast
  2419 | D:4      | XOM: 1-stop teleportation journey
  2424 | D:4      | Reached skill level 5 in Short Blades
  2616 | D:4      | XOM: harmless Pois miscast
  2668 | D:4      | XOM: severe Tmut miscast
  2941 | D:4      | XOM: stat loss: -1 Int (13/14)
  2949 | D:4      | XOM: blink monster(s)
  3155 | D:4      | XOM: give mutations
  3155 | D:4      | Gained mutation: You have a pair of horns on your head.
                  | [Xom's mischief]
  3155 | D:4      | Gained mutation: You are frail. (-10% HP) [Xom's mischief]
  3155 | D:4      | Gained mutation: Your body sometimes deteriorates upon
                  | taking damage. [Xom's mischief]
  3231 | D:5      | Entered Level 5 of the Dungeon
  3236 | D:5      | XOM: harmless Summ miscast
  3237 | D:5      | XOM: summons 6 friendly demons
  3240 | D:5      | Reached XP level 7. HP: 42/49 MP: 8/8
  3273 | D:5      | XOM: 5-stop teleportation journey
  3743 | D:5      | XOM: 4-stop teleportation journey
  3800 | D:6      | Noticed a two-headed ogre
  3800 | D:6      | XOM: enchant monster (good)
  3822 | D:6      | XOM: 1-stop teleportation journey
  3833 | D:6      | XOM: confusion
  3841 | D:6      | Noticed a basilisk
  3841 | D:6      | an ogre changed into a basilisk
  3841 | D:6      | XOM: polymorph ogre -> basilisk
  3843 | D:6      | XOM: summons 3 hostile demons
  3851 | D:6      | XOM: polymorph shadow imp -> iron imp
  3865 | D:6      | HP: 2/49 [iron imp[Xom] (2)]
  3866 | D:6      | Killed from afar by an orc wizard

Levels and vault maps discovered:
D:1:      dpeg_arrival_concentric_ovals, layout_basic
D:2:      layout_rooms, kennysheep_slug_shrine, first_ration
D:3:      layout_basic, grunt_temple_overflow_open, lemuel_round_altar
D:4:      layout_basic
D:5:      layout_basic, uniq_grinder
D:6:      layout_basic, minmay_temple_entry_junction, guppyfry_shop_venom

Skill      XL: |  1  2  3  4  5  6  7 |
---------------+----------------------+-----
Armour         | 1 2 |  2.5
Fighting       | 3 4 |  4.8
Short Blades   | 4 5 |  5.9
Dodging        | 3 4 |  4.0
Translocations | 1 |  1.7
Evocations     | 1 2 |  2.0

Action                   |  1- 3 |  4- 6 |  7- 9 || total
-------------------------+-------+-------+-------++-------
Melee: Short sword       |   116 |   175 |    43 ||   334
       Bite              |    10 |    17 |     6 ||    33
       Headbutt          |       |    25 |     8 ||    33
Throw: Stone             |       |     1 |       ||     1
Evoke: Wand              |       |     3 |       ||     3
  Use: Scroll            |       |     3 |       ||     3
       Potion            |       |       |     1 ||     1
 Stab: Paralysed         |     1 |     2 |     1 ||     4
       Confused          |       |     1 |       ||     1
       Betrayed ally     |       |     1 |       ||     1
       Sleeping          |       |     1 |     2 ||     3
       Petrified         |       |       |     7 ||     7
       Petrifying        |       |       |     1 ||     1
Armor: Leather armour    |    36 |    36 |     5 ||    77
Dodge: Dodged            |    59 |    78 |    37 ||   174
